 Dungeon Crawl Stone Soup version 0.26-b1-32-g5d43845318 (webtiles) character file.

Game seed: 6186186821164498659

964941 Arthanis the Archmage (level 27, -1/157 HPs)
             Began as a Deep Elf Fire Elementalist on Jan 11, 2021.
             Was the Champion of Vehumet.
             Splashed by an oklob plant's acid (15 damage)
             ... on level 22 of a ziggurat.
             The game lasted 03:59:00 (69930 turns).

Arthanis the Archmage (Deep Elf Fire Elementalist) Turns: 69930, Time: 03:59:00

Health: -1/157     AC: 14    Str: 10    XL:     27
Magic:  91/93      EV: 27    Int: 41    God:    Vehumet [******]
Gold:   8221       SH: 15    Dex: 21    Spells: 4/80 levels left

rFire    + + +     SeeInvis +   R - staff of fire
rCold    + + .     Faith    .   h - +2 kite shield of Noon {rF++ MP+9 Dex+2 SInv}
rNeg     . . .     Spirit   .   D - +2 robe {rC+ rF+}
rPois    +         Reflect  .   Z - +3 hat of Pondering {ponderous, Will+ MP+10 Int+5}
rElec    .         Harm     .   k - scarf {+Inv}
rCorr    .         Rampage  .   B - +2 pair of gloves {Str+3}
Will     ++++.                  l - +2 pair of boots of Makhleb's Fury {rPois Will+}
Stlth    +++++.....             p - amulet "Miogar" {RegenMP Dex+4}
HPRegen  0.36/turn              U - ring of Mykit {rC+ MP+9 Str+2}
MPRegen  0.78/turn              W - ring "Puloj" {MP+9 Int+2}

@: slow
A: no striking features
}: 4/15 runes: barnacled, slimy, silver, gossamer
a: Renounce Religion, Evoke Invisibility


You were on level 22 of a ziggurat.
You worshipped Vehumet.
Vehumet was exalted by your worship.
You visited 11 branches of the dungeon, and saw 52 of its levels.
You visited 2 ziggurats (completing 1), and saw 49 of their levels.
You also visited: Ossuary and Ice Cave.

You collected 12653 gold pieces.
You spent 4432 gold pieces at shops.

Inventory:

Hand Weapons
 G - the +6 Majin-Bo {vamp, MP+6 Int+6}
   (You found it on level 15 of a ziggurat)

   It inflicts no extra harm, but heals its wielder when it wounds a living foe.
   It affects your intelligence (+6).
   It affects your magic capacity (+6).
 H - the +10 morningstar "Eos" {elec, Halo rElec}
   (You found it on level 17 of a ziggurat)

   Occasionally, upon striking a foe, it can discharge electrical energy and
   cause terrible harm.
   It insulates you from electricity.
 N - the +9 staff of Wucad Mu {channel}
   (You acquired it on level 1 of the Elven Halls)
Armour
 h - the +2 kite shield of Noon (worn) {rF++ MP+9 Dex+2 SInv}
   (You acquired it on level 2 of the Elven Halls)

   It affects your dexterity (+2).
   It greatly protects you from fire.
   It affects your magic capacity (+9).
   It lets you see invisible.
 k - a scarf of invisibility (worn)
 l - the +2 pair of boots of Makhleb's Fury (worn) {rPois Will+}
   (You found it on level 21 of a ziggurat)

   It protects you from poison.
   It affects your willpower, your defense against some magical effects.
 B - a +2 pair of gloves of strength (worn)
 D - a +2 robe of resistance (worn)
 Z - the +3 hat of Pondering (worn) {ponderous, Will+ MP+10 Int+5}
   (You found it on level 21 of a ziggurat)

   It affects your intelligence (+5).
   It affects your willpower, your defense against some magical effects.
   It affects your magic capacity (+10).
Magical Staves
 f - an uncursed staff of air
 R - an uncursed staff of fire (weapon)
 S - an uncursed staff of cold
Jewellery
 d - the ring of Buqoiron {rF++ SInv Stlth+}
   (You found it on level 19 of a ziggurat)

   [ring of see invisible]

   It greatly protects you from fire.
   It lets you see invisible.
   It makes you more stealthy.
 m - the ring of the Mage {Wiz Will++ Int+3}
   (You found it on level 10 of a ziggurat)

   [ring of wizardry]

   It improves your spell success rate.
   It affects your intelligence (+3).
   It affects your willpower, your defense against some magical effects.
 p - the amulet "Miogar" (around neck) {RegenMP Dex+4}
   (You found it on level 15 of a ziggurat)

   [amulet of magic regeneration]

   It increases your magic regeneration.
   It affects your dexterity (+4).
 q - the amulet "Ucyil" {RegenMP rC+ SInv}
   (You found it on level 17 of a ziggurat)

   [amulet of magic regeneration]

   It increases your magic regeneration.
   It protects you from cold.
   It lets you see invisible.
 w - the ring of Fedhas's Generosity {Fire rN+ Str+6}
   (You found it on level 17 of a ziggurat)

   [ring of fire]

   It enhances your fire magic.
   It affects your strength (+6).
   It protects you from fire.
   It makes you vulnerable to cold.
   It protects you from negative energy.
 y - the ring of the Stag {+Blink rPois Will+ rCorr SInv}
   (You found it on level 9 of a ziggurat)

   [ring of resist corrosion]

   It protects you from poison.
   It affects your willpower, your defense against some magical effects.
   It lets you see invisible.
   It lets you blink.
   It provides partial protection from all sources of acid and corrosion.
 z - the ring "Ilippo" {rF++ Will+}
   (You found it on level 17 of a ziggurat)

   [ring of willpower]

   It greatly protects you from fire.
   It affects your willpower, your defense against some magical effects.
 U - the ring of Mykit (left hand) {rC+ MP+9 Str+2}
   (You found it on level 4 of the Depths)

   [ring of protection from cold]

   It affects your strength (+2).
   It protects you from cold.
   It affects your magic capacity (+9).
 W - the ring "Puloj" (right hand) {MP+9 Int+2}
   (You found it on level 16 of a ziggurat)

   [ring of magical power]

   It affects your intelligence (+2).
   It affects your magic capacity (+9).
Wands
 C - a wand of acid (6)
 F - a wand of iceblast (40)
 L - a wand of digging (19)
 Q - a wand of disintegration (28)
Scrolls
 a - 3 scrolls of summoning
 c - 53 scrolls of teleportation
 e - 42 scrolls of remove curse
 n - 16 scrolls of blinking
 s - 19 scrolls of magic mapping
 t - 28 scrolls of fog
 x - 18 scrolls of fear
 A - 12 scrolls of amnesia
 J - 8 scrolls of silence
 V - 2 scrolls of identify
 X - 3 scrolls of holy word
 Y - 12 scrolls of immolation
Potions
 b - 5 potions of resistance
 g - 20 potions of curing
 i - 8 potions of ambrosia
 j - 12 potions of might
 o - 7 potions of flight
 r - 11 potions of brilliance
 u - 15 potions of cancellation
 v - 11 potions of lignification
 E - 5 potions of invisibility
 I - 24 potions of heal wounds
 M - 15 potions of haste
 O - 4 potions of magic
 T - 34 potions of mutation
Miscellaneous
 K - a phial of floods
 P - a box of beasts


   Skills:
 - Level 12.0 Fighting
 - Level 6.0 Armour
 - Level 16.1 Dodging
 - Level 10.0 Stealth
 - Level 15.0 Shields
 O Level 27 Spellcasting
 O Level 27 Conjurations
 - Level 24.0 Necromancy
 - Level 13.0 Transmutations
 O Level 27 Fire Magic
 - Level 20.0 Ice Magic
 - Level 20.0 Air Magic
 - Level 20.2 Earth Magic
 + Level 18.5 Evocations


You had 4 spell levels left.
You knew the following spells:

 Your Spells              Type           Power        Failure   Level
a - Necromutation         Tmut/Necr      59%          1%          8
b - Death's Door          Necr           64%          1%          9
c - Absolute Zero         Ice            60%          2%          9
d - Shatter               Erth           61%          1%          9
e - Tornado               Air            60%          2%          9
f - Sublimation of Blood  Necr           64%          0%          2
g - Blink                 Tloc           N/A          1%          2
h - Starburst             Conj/Fire      80%          0%          6
j - Iskenderun's Battles  Conj           100%         0%          5
k - Ignition              Fire           80%          1%          8
l - Fire Storm            Conj/Fire      80%          1%          9

Your spell library contained the following spells:

 Spells                   Type           Power        Failure   Level
 Animate Skeleton         Necr           100%         0%          1
 Beastly Appendage        Tmut           100%         0%          1
 Foxfire                  Conj/Fire      100%         0%          1
 Freeze                   Ice            100%         0%          1
 Magic Dart               Conj           100%         0%          1
 Pain                     Necr           100%         0%          1
 Sandblast                Erth           100%         0%          1
 Shock                    Conj/Air       100%         0%          1
 Corpse Rot               Necr/Air       N/A          0%          2
 Ensorcelled Hibernation  Hex/Ice        100%         0%          2
 Passwall                 Tmut/Erth      94%          0%          2
 Poisonous Vapours        Pois/Air       100%         0%          2
 Searing Ray              Conj           100%         0%          2
 Swiftness                Air            100%         0%          2
 Wereblood                Tmut           100%         0%          2
 Conjure Flame            Conj/Fire      100%         0%          3
 Dazzling Flash           Conj/Hex       100%         0%          3
 Frozen Ramparts          Ice            100%         0%          3
 Ignite Poison            Fire/Tmut/Pois 100%         0%          3
 Inner Flame              Hex/Fire       100%         0%          3
 Mephitic Cloud           Conj/Pois/Air  100%         0%          3
 Ozocubu's Armour         Ice            100%         0%          3
 Static Discharge         Conj/Air       100%         0%          3
 Stone Arrow              Conj/Erth      100%         0%          3
 Vampiric Draining        Necr           64%          0%          3
 Airstrike                Air            60%          0%          4
 Animate Dead             Necr           64%          0%          4
 Dispel Undead            Necr           100%         0%          4
 Fulminant Prism          Conj/Hex       52%          0%          4
 Hailstorm                Conj/Ice       100%         0%          4
 Ice Form                 Ice/Tmut       100%         0%          4
 Iskenderun's Mystic Bla  Conj/Tloc      100%         0%          4
 Petrify                  Tmut/Erth      100%         0%          4
 Sticky Flame             Conj/Fire      100%         0%          4
 Apportation              Tloc           100%         1%          1
 Corona                   Hex            58%          1%          1
 Sting                    Tmut/Pois      100%         1%          1
 Summon Small Mammal      Summ           100%         1%          1
 Call Imp                 Summ           53%          1%          2
 Slow                     Hex            53%          1%          2
 Call Canine Familiar     Summ           53%          1%          3
 Confusing Touch          Hex            53%          1%          3
 Gell's Gravitas          Tloc           26%          1%          3
 Lesser Beckoning         Tloc           26%          1%          3
 Portal Projectile        Hex/Tloc       100%         1%          3
 Spider Form              Tmut/Pois      41%          1%          3
 Summon Guardian Golem    Hex/Summ       53%          1%          3
 Teleport Other           Tloc           53%          1%          3
 Tukima's Dance           Hex            53%          1%          3
 Leda's Liquefaction      Hex/Erth       47%          1%          4
 Olgreb's Toxic Radiance  Pois           53%          1%          4
 Summon Ice Beast         Ice/Summ       95%          1%          4
 Summon Lightning Spire   Summ/Air       95%          1%          4
 Cause Fear               Hex            26%          2%          4
 Passage of Golubria      Tloc           N/A          2%          4
 Agony                    Necr           100%         0%          5
 Bolt of Magma            Conj/Fire/Erth 78%          0%          5
 Borgnjor's Vile Clutch   Necr/Erth      63%          0%          5
 Excruciating Wounds      Necr           64%          0%          5
 Fireball                 Conj/Fire      80%          0%          5
 Irradiate                Conj/Tmut      60%          0%          5
 Lee's Rapid Deconstruct  Erth           61%          0%          5
 Lightning Bolt           Conj/Air       64%          0%          5
 Conjure Ball Lightning   Conj/Air       64%          0%          6
 Death Channel            Necr           64%          0%          6
 Freezing Cloud           Conj/Ice/Air   63%          0%          6
 Iron Shot                Conj/Erth      64%          0%          6
 Ozocubu's Refrigeration  Ice            60%          0%          6
 Simulacrum               Ice/Necr       62%          0%          6
 Orb of Destruction       Conj           67%          0%          7
 Alistair's Intoxication  Tmut/Pois      55%          1%          5
 Blade Hands              Tmut           52%          1%          5
 Metabolic Englaciation   Hex/Ice        47%          1%          5
 Silence                  Hex/Air        47%          1%          5
 Yara's Violent Unravell  Hex/Tmut       41%          1%          5
 Eringya's Noxious Bog    Tmut/Pois      41%          1%          6
 Hydra Form               Tmut           52%          1%          6
 Statue Form              Tmut/Erth      75%          1%          6
 Dragon Form              Tmut           52%          1%          7
 Haunt                    Necr/Summ      50%          1%          7
 Spellforged Servitor     Conj/Summ      52%          1%          7
 Borgnjor's Revivificati  Necr           64%          1%          8
 Chain Lightning          Conj/Air       64%          1%          8
 Infestation              Necr           64%          1%          8
 Lehudib's Crystal Spear  Conj/Erth      64%          1%          8
 Summon Demon             Summ           26%          8%          5
 Summon Forest            Summ/Tloc      26%          8%          5
 Summon Mana Viper        Hex/Summ       53%          8%          5
 Dispersal                Tloc           26%          41%         6
 Invisibility             Hex            53%          41%         6
 Shadow Creatures         Summ           N/A          41%         6
 Malign Gateway           Summ/Tloc      26%          94%         7
 Monstrous Menagerie      Summ           26%          94%         7
 Summon Greater Demon     Summ           26%          94%         7
 Summon Hydra             Summ           26%          94%         7
 Discord                  Hex            26%          100%        8
 Disjunction              Tloc           26%          100%        8
 Summon Horrible Things   Summ           26%          100%        8
 Dragon's Call            Summ           26%          100%        9


Dungeon Overview and Level Annotations

Branches:
Dungeon (15/15)            Temple (1/1) D:6            Lair (6/6) D:11
 Shoals (4/4) Lair:4       Spider (4/4) Lair:4        Slime (5/5) Lair:5
    Orc (2/2) D:12            Elf (3/3) Orc:2        Vaults (5/5) D:14
  Crypt (3/3) Vaults:3       Tomb (0/3) Crypt:3      Depths (4/5) D:15
Ossuary (visited)           IceCv (visited)

Altars:
Ashenzari
Cheibriados
Dithmenos
Elyvilon
Fedhas
Gozag
Hepliaklqana
Kikubaaqudgha
Makhleb
Nemelex Xobeh
Okawaru
Qazlal
Ru
Sif Muna
Trog
Uskayaw
Vehumet
Wu Jian
Xom
Yredelemnul
Zin
The Shining One
Beogh
Jiyva

Shops:
D:5 *   D:11 *   D:12 *   Orc:2 }!:*   Elf:1 ?![}   Elf:2 }(([(   Vaults:3 (
Depths:2 ?

Portals:
Hell: Depths:1 Depths:2 Depths:3 Depths:4
Abyss: Depths:3 Depths:4
Pandemonium: Depths:3

Annotations:
D:10 3 runed translucent doors, p0werm0de's ghost, journeyman MiFi
D:14 1 runed translucent door
Elf:1 6 runed translucent doors
Elf:3 2 transporters, Vatovie's ghost, journeyman MiBe
Depths:4 1 transporter
Zig:22 exclusion: 3 oklob plants


Message History

Found six items.
Found six items.
Found two gates leading back out of this place.
Found a stone staircase leading down.
Items here: ) [[[ †.
Found six items.
Found a phantom mirror.
Your life is in your own hands again!
An oklob plant comes into view.
You step away from death's doorway.
Marking area around an oklob plant as unsafe for travelling.
You see here the Disquisition on Flying Confrontation.
Your attacks no longer feel as feeble.
Your magical contamination has completely faded away.
You see here a staff of fire. 3 oklob plants come into view.
The oklob plant spits acid at you.
The splash of acid hits you but does no damage.
You are splashed with acid!
You die...

▓......PPP. ........
▓▓...................
▓.....)..............
▓▓.......†.)..........
▓.......)..)..........
▓=))=..).)...)........
▓"?):..).).).).)......
▓▓(∩))@.....†).........
▓}[>[:|....).).........
▓▓=∩})....[.).(........
▓|}}:....)).).).......
▓..........)......○...
▓.....................
▓▓....................
▓....................
▓▓...................


You could see 3 oklob plants.

Vanquished Creatures
  the Royal Jelly (Slime:5)
  3 orbs of fire (Zig:6)
  5 ancient liches
  11 juggernauts
  30 royal mummies
  Sojobo (Depths:4)
  Margery (Depths:3)
  4 Killer Klowns (Zig:11)
  5 pandemonium lords
  4 shard shrikes
  2 caustic shrikes
  Saint Roka (Depths:4)
  A curse toe (Crypt:3)
  6 golden dragons
  A pearl dragon (Zig:12)
  3 bone dragons
  3 profane servitors
  5 Tzitzimimeh
  Jorgrun (Elf:1)
  7 hellephants
  2 tentacled monstrosities (Vaults:5)
  11 electric golems
  5 iron giants
  12 Hell Sentinels
  5 Brimstone Fiends
  9 Ice Fiends
  17 titans
  13 deep elf blademasters
  11 liches
  2 quicksilver dragons
  A kraken (Shoals:1)
  11 Executioners
  29 acid blobs
  12 deep elf master archers (Zig:25)
  3 tentacled starspawn (Zig:14)
  5 tengu reavers
  18 ancient champions
  Kirke (D:15)
  2 daevas (Zig:12)
  Agnes (Spider:2)
  6 shadow dragons
  15 storm dragons
  Roxanne (D:15)
  16 revenants
  11 sphinxes
  2 draconian monks (Zig:21)
  10 azure jellies
  16 fire giants
  The ghost of FortyThree the Warrior, an adept VSBe of Trog (Spider:2)
  6 frost giants
  2 nagarajas (Zig:7)
  8 draconian knights (Zig:21)
  20 vault wardens
  4 draconian scorchers (Zig:21)
  12 deep elf sorcerers
  3 deep elf elementalists
  10 orc warlords
  5 juggernaut zombies
  15 balrugs
  11 emperor scorpions
  4 warmongers
  4 iron dragons
  10 black suns
  A caustic shrike zombie (Zig:15)
  25 ghost moths
  2 draconian shifters (Zig:21)
  12 curse skulls
  13 cacodemons
  27 stone giants
  7 ghouls
  5 spriggan defenders (Depths:4)
  5 angels (Zig:12)
  2 draconian stormcallers (Zig:21)
  9 very ugly things
  6 caustic shrike skeletons
  16 reapers
  2 stone giants (shapeshifter) (Zig:11)
  5 war gargoyles
  10 ironheart preservers
  A juggernaut skeleton (Zig:16)
  3 apis (Zig:12)
  7 draconian annihilators (Zig:21)
  23 vampire knights
  9 starcursed masses
  2 ophanim (Zig:12)
  4 blood saints
  10 corrupters
  8 bennus
  10 deep elf demonologists
  4 black draconians (Zig:21)
  2 green draconians (Zig:21)
  2 purple draconians (Zig:21)
  A minotaur (shapeshifter) (Zig:11)
  25 entropy weavers
  A spark wasp (shapeshifter) (Zig:11)
  24 deep elf annihilators
  Azrael (Elf:2)
  2 white draconians (Zig:21)
  5 dire elephants (Zig:17)
  19 spark wasps
  7 lorocyprocas
  3 red draconians (Zig:21)
  13 blizzard demons
  9 crystal guardians
  12 eidola
  Snorg (Orc:2)
  4 green deaths
  16 deep elf death magi
  8 death oozes (Slime:5)
  17 ettins
  27 mummy priests
  12 merfolk impalers
  11 fire dragons
  15 merfolk javelineers
  16 yaktaur captains
  13 deep elf high priests
  9 jiangshi
  Josephine (Lair:4)
  9 great orbs of eyes
  2 quicksilver dragon zombies
  15 ogre magi
  8 rakshasas
  A quicksilver dragon skeleton (Zig:20)
  A hydra (shapeshifter) (Vaults:5)
  37 vault guards
  A caustic shrike simulacrum (Zig:19)
  6 hell beasts
  Harold (D:11)
  22 boulder beetles
  5 catoblepae
  Fannar (Lair:1)
  A monstrous demonspawn (Zig:19)
  18 ice dragons
  12 hydras
  2 anacondas (shapeshifter) (Zig:12)
  7 centaur warriors
  14 merfolk aquamancers
  6 death knights
  An anaconda (Zig:7)
  The ghost of SkeletonJelly the Cleaver, a novice DDFi of Hepliaklqana (D:9)
  16 spriggan air magi
  8 merfolk avatars
  A satyr (shapeshifter) (Elf:3)
  2 alligator snapping turtles
  25 dancing weapons
  An alligator snapping turtle (shapeshifter) (Zig:11)
  4 deep troll shamans (Depths:4)
  9 death scarabs
  2 hell hogs (Zig:16)
  33 two-headed ogres
  5 satyrs
  7 tengu warriors
  13 death yaks
  A titan zombie (Zig:15)
  A deep troll earth mage (Depths:3)
  17 vampire magi
  12 orc high priests
  A shock serpent (shapeshifter) (Zig:18)
  5 iron golems (Zig:22)
  3 naga sharpshooters (Zig:7)
  4 soul eaters
  2 spriggan berserkers (Depths:4)
  A thrashing horror (Zig:14)
  4 spriggans (Depths:4)
  2 sun demons (Zig:14)
  11 shock serpents
  8 hell knights
  2 storm dragon zombies
  3 iron trolls
  17 deep elf knights
  A fire crab (Zig:6)
  2 sixfirhies
  14 shadow wraiths
  2 spatial maelstroms (Zig:14)
  43 skeletal warriors
  15 sea snakes
  A titan skeleton (Zig:10)
  2 wretched stars (Zig:14)
  2 goliath frogs (shapeshifter)
  8 cherubim
  19 flayed ghosts
  3 golden dragon zombies
  An unseen horror (shapeshifter) (Depths:1)
  6 unseen horrors
  A glowing orange brain (Slime:3)
  5 shadow demons
  3 gelid demonspawn
  3 infernal demonspawn
  14 deep trolls
  2 bog bodies (Crypt:2)
  22 deep elf archers
  2 shadow dragon zombies
  12 orange crystal statues
  A naga ritualist (Zig:7)
  4 lindwurms
  4 golden dragon skeletons
  A harpy (shapeshifter) (Depths:3)
  3 anaconda skeletons
  9 necromancers
  4 obsidian statues
  23 orc knights
  A wizard (Vaults:3)
  15 phantasmal warriors
  An iron dragon zombie (Zig:16)
  4 shadow dragon skeletons
  3 tengu zombies
  15 ironbrand convokers
  2 oklob plants (Zig:22)
  4 tengu skeletons
  2 wolf spider zombies (D:14)
  A mana viper (Zig:7)
  A faun (shapeshifter) (Zig:11)
  10 shining eyes
  37 orb spiders
  20 fauns
  A sphinx skeleton (Zig:20)
  A frost giant zombie (Zig:9)
  32 manticores
  A manticore (shapeshifter) (Zig:18)
  48 harpies
  63 deep elf magi
  60 wolf spiders
  18 orc sorcerers
  4 iron dragon skeletons
  2 fire giant skeletons
  17 moths of wrath
  2 worldbinders (Zig:14)
  11 cyclopes
  A fire giant zombie (Zig:15)
  21 ugly things
  An elephant (shapeshifter) (Zig:13)
  A black mamba (shapeshifter) (Depths:3)
  An apocalypse crab (Zig:11)
  2 guardian serpents (shapeshifter) (Zig:12)
  4 eyes of devastation
  A titan simulacrum (Zig:20)
  20 merfolk sirens
  11 elephants
  4 naga magi
  4 guardian serpents
  An orange demon (Zig:22)
  8 black mambas
  A dire elephant zombie (Crypt:1)
  24 cane toads
  3 rust devils
  13 torpor snails
  An alligator snapping turtle zombie (Crypt:1)
  7 ice statues
  14 vault sentinels
  16 water nymphs
  5 smoke demons
  A yaktaur zombie (Zig:2)
  5 gargoyles
  A catoblepas zombie (Crypt:1)
  A dire elephant skeleton (Crypt:1)
  A grey draconian zombie (Crypt:2)
  3 efreet
  2 spriggan skeletons (Zig:15)
  9 hellions
  A cane toad (shapeshifter) (Vaults:4)
  A kobold demonologist (D:15)
  A yellow draconian zombie (Crypt:2)
  32 yaktaurs
  8 rime drakes
  3 anaconda simulacra (IceCv)
  9 komodo dragons
  19 ice devils
  14 tormentors
  23 freezing wraiths
  33 demonic crawlers
  2 red devils
  4 polar bears
  2 tengu conjurers
  2 hellwings
  2 ancient zymes
  33 guardian mummies
  A troll (shapeshifter) (Elf:3)
  A golden dragon simulacrum (Crypt:2)
  2 yaktaurs (shapeshifter)
  A wolf spider simulacrum (D:15)
  77 merfolk
  2 merfolk (shapeshifter)
  59 jumping spiders
  A meliai (Zig:14)
  16 trolls
  3 slime creatures (shapeshifter)
  9 large abominations
  A wind drake (shapeshifter) (Vaults:4)
  8 wind drakes
  2 jumping spiders (shapeshifter)
  Grinder (D:6)
  A shadow dragon simulacrum (Crypt:2)
  27 hornets
  15 raiju
  A blink frog (shapeshifter) (Depths:1)
  2 hydra skeletons
  A harpy skeleton (Crypt:3)
  A snapping turtle (shapeshifter) (Zig:18)
  4 dream sheep (Shoals:3)
  16 snapping turtles
  An ettin zombie (Zig:5)
  2 dream sheep (shapeshifter)
  An ice dragon zombie (Crypt:3)
  A stone giant simulacrum (Crypt:1)
  18 blink frogs
  A meliai zombie (D:15)
  125 slime creatures
  An ettin skeleton (Crypt:1)
  27 flying skulls
  An ice dragon skeleton (Crypt:1)
  3 shadows
  Sigmund (D:4)
  16 air elementals
  18 wraiths
  A centaur simulacrum (D:15)
  2 spriggan simulacra (Zig:19)
  4 ynoxinuls
  103 redbacks
  A redback (shapeshifter) (Vaults:4)
  A dire elephant simulacrum (IceCv)
  49 tarantellas
  6 vampires
  5 hogs (D:15)
  19 water elementals
  10 fire elementals
  9 basilisks
  Eustachio (D:4)
  5 elf zombies (Zig:20)
  7 wyverns
  70 yaks
  17 ushabtiu
  6 neqoxecs
  3 vampire mosquitoes (D:13)
  6 fire bats (Lair:1)
  13 golden eyes
  2 steam dragons
  3 basilisks (shapeshifter)
  8 chaos spawn
  A redback simulacrum (D:14)
  16 wargs
  9 elf skeletons
  2 harpy simulacra
  A naga (Zig:7)
  3 iron troll simulacra (IceCv)
  2 hydra simulacra (IceCv)
  Duvessa (D:4)
  2 acid dragons
  An orb spider zombie (Crypt:3)
  2 floating eyes (shapeshifter)
  A soldier ant (shapeshifter) (Vaults:5)
  28 water moccasins
  A floating eye (Depths:4)
  4 hell hounds
  7 sky beasts
  2 swamp drakes (Zig:4)
  5 black bears
  71 orc warriors
  An ice beast (shapeshifter) (Depths:1)
  A hornet zombie (D:15)
  A phantom (D:12)
  A water nymph skeleton (Crypt:2)
  2 human zombies (Vaults:3)
  7 ice beasts
  9 eyes of draining
  2 snapping turtle zombies
  48 ogres
  A necrophage (Crypt:2)
  A wolf (shapeshifter) (Elf:2)
  23 centaurs
  2 human skeletons
  16 wolves
  4 boggarts (Depths:2)
  A manticore skeleton (Crypt:1)
  An elephant skeleton (Crypt:2)
  2 gnoll sergeants
  12 earth elementals
  A tengu simulacrum (Zig:1)
  A wyvern zombie (D:11)
  5 small abominations
  A glowing shapeshifter simulacrum (Zig:20)
  Dowan (D:4)
  15 bullfrogs
  2 yaktaur skeletons
  A wyvern skeleton (D:13)
  A warg zombie (Crypt:3)
  A scorpion (D:6)
  5 spriggan zombies
  A raiju zombie (Crypt:2)
  7 killer bees
  24 wights
  5 howler monkeys
  5 electric eels
  A lava snake (Lair:1)
  A bullfrog zombie (D:6)
  A crimson imp (Zig:16)
  14 hounds
  5 quasits
  2 centaur zombies
  5 jellies
  10 centaur skeletons
  26 orc priests
  2 bullfrog skeletons
  42 orc wizards
  3 iguanas
  An iron imp (Depths:2)
  A black bear skeleton (Crypt:2)
  4 hell rats (Lair:5)
  Natasha (twice) (D:2)
  10 worker ants
  2 killer bee zombies
  An ogre zombie (Crypt:1)
  A naga zombie (Crypt:1)
  A felid skeleton (Crypt:3)
  A hound zombie (D:7)
  An ogre skeleton (Crypt:3)
  4 hound skeletons
  72 mummies
  2 worker ant zombies (D:11)
  Robin (D:2)
  14 gnolls
  A howler monkey skeleton (D:9)
  14 adders
  2 shadow imps
  7 white imps
  2 ufetubi
  2 adder zombies
  A lava snake skeleton (Crypt:1)
  4 worms
  2 dart slugs (D:1)
  11 leopard geckos
  109 orcs
  4 giant cockroaches
  12 goblins
  11 hobgoblins
  3 jackals
  4 quokkas
  2 ball pythons
  10 bats
  A frilled lizard (D:2)
  A gnoll zombie (Ossuary)
  3 hobgoblin zombies (Ossuary)
  8 kobolds
  2 kobold zombies (Ossuary)
  2 leopard gecko skeletons
  2 orc zombies (Ossuary)
  A quokka zombie (D:5)
  5 rats
  2 bushes (Lair:3)
  136 fire vortices
  A plant (Zig:22)
  3 tentacles (Shoals:1)
4123 creatures vanquished.

Vanquished Creatures (collateral kills)
  An ancient lich (Zig:18)
  2 royal mummies
  2 Killer Klowns (Zig:11)
  A profane servitor (Zig:17)
  An Ice Fiend (Zig:23)
  2 titans
  2 acid blobs
  A tentacled starspawn (Zig:8)
  3 Executioners
  2 warmongers
  A draconian knight (Zig:21)
  An orc warlord (Zig:13)
  A cacodemon (Zig:19)
  3 ironheart preservers
  An emperor scorpion (Zig:26)
  2 juggernaut skeletons (Zig:20)
  A draconian shifter (Zig:21)
  A reaper (Zig:22)
  A caustic shrike skeleton (Zig:15)
  2 stone giants
  A deep elf demonologist (Zig:25)
  A deep elf annihilator (Zig:25)
  A jiangshi (Zig:27)
  2 deep elf high priests (Zig:25)
  A great orb of eyes (Vaults:4)
  A hydra (Zig:17)
  A catoblepas (Zig:17)
  A satyr (Shoals:4)
  A merfolk aquamancer (Zig:24)
  A tengu warrior (Depths:1)
  A vampire mage (Zig:17)
  A golden dragon zombie (Zig:16)
  A deep troll (Depths:3)
  A shadow demon (Zig:19)
  2 orc knights
  3 orb spiders
  A harpy (Vaults:2)
  A deep elf mage (Zig:25)
  A shadow dragon skeleton (Zig:20)
  An orc sorcerer (Depths:4)
  2 tengu skeletons
  A shining eye (Slime:1)
  A spriggan zombie (Zig:20)
  A torpor snail (Zig:16)
  A smoke demon (Depths:3)
  2 demonic crawlers
  A yaktaur (Vaults:3)
  A human skeleton (Vaults:3)
  A jumping spider (Zig:26)
  A hydra zombie (Crypt:3)
  A wind drake (Shoals:4)
  A merfolk (Zig:8)
  A raiju (Zig:14)
  4 slime creatures
  2 air elementals (Zig:25)
  A tarantella (Zig:14)
  2 ushabtiu (Zig:11)
  A tarantella (shapeshifter) (Zig:18)
  A wyvern (Zig:17)
  2 elf skeletons
  A floating eye (Depths:4)
  An orc warrior (Zig:18)
  A centaur (Depths:1)
  2 eyes of draining (Slime:1)
  An ogre (Vaults:5)
  A manticore simulacrum (Crypt:1)
  A wight (Zig:16)
  2 starcursed masses (Zig:14)
  2 orc wizards (Depths:4)
  3 orc priests
  8 mummies
  2 white imps
  2 orcs
  An orc skeleton (Crypt:2)
  2 starspawn tentacles (Zig:14)
113 creatures vanquished.

Vanquished Creatures (others)
  A deep elf blademaster (Zig:25)
  A lorocyproca (Zig:22)
  A spriggan air mage (Zig:21)
  2 deep elf archers
  2 deep elf magi
  A tormentor (Zig:22)
  2 hellwings (Zig:22)
  3 flying skulls
  A fire elemental (Zig:25)
  A hell hound (Zig:16)
  A quokka (D:4)
  5 bushes (Zig:27)
  1502 fire vortices
  2272 foxfires
  29 fungi
  129 plants
  2 starspawn tentacles (Zig:14)
  A tentacle (Shoals:1)
3956 creatures vanquished.

Grand Total: 8192 creatures vanquished

Notes
Turn   | Place    | Note
-------+----------+-------------------------------------------
     0 | D:1      | Arthanis the Deep Elf Fire Elementalist began the quest for
                  | the Orb.
     0 | D:1      | Reached XP level 1. HP: 10/10 MP: 6/6
    99 | D:1      | Reached XP level 2. HP: 15/15 MP: 2/8
   569 | D:1      | Reached XP level 3. HP: 19/19 MP: 6/10
   573 | D:1      | Learned a level 3 spell: Conjure Flame
  1599 | D:2      | Noticed Natasha
  1603 | D:2      | Killed Natasha
  1604 | D:2      | Reached XP level 4. HP: 15/24 MP: 6/11
  1609 | D:2      | Learned a level 4 spell: Sticky Flame
  1637 | D:2      | Noticed Natasha
  1642 | D:2      | Killed Natasha
  1857 | D:2      | Noticed Robin
  1866 | D:2      | Reached skill level 5 in Fire Magic
  1867 | D:2      | Killed Robin
  1871 | D:2      | Reached XP level 5. HP: 28/28 MP: 0/13
  2288 | D:2      | You fall into a shaft and drop 2 floors!
  3281 | D:3      | Learned a level 5 spell: Fireball
  3530 | D:4      | Noticed an ogre
  3557 | D:4      | Killed an ogre
  3558 | D:4      | Reached skill level 5 in Spellcasting
  3558 | D:4      | Reached XP level 6. HP: 32/32 MP: 9/15
  3686 | D:4      | Noticed Duvessa
  3690 | D:4      | Noticed Dowan
  3704 | D:4      | Killed Duvessa
  3712 | D:4      | Killed Dowan
  3713 | D:4      | Reached XP level 7. HP: 28/36 MP: 0/17
  3975 | D:4      | Noticed Sigmund
  3991 | D:4      | Killed Sigmund
  4479 | D:4      | Noticed Eustachio
  4487 | D:4      | Killed Eustachio
  4642 | D:5      | Entered Level 5 of the Dungeon
  4660 | D:5      | Reached skill level 5 in Conjurations
  4660 | D:5      | Reached XP level 8. HP: 41/41 MP: 10/20
  5436 | D:5      | Found Csker's Commerce Corner.
  5444 | D:5      | Bought a potion of curing for 36 gold pieces
  6142 | D:6      | Noticed Grinder
  6146 | D:6      | Paralysed by Grinder for 2 turns
  6150 | D:6      | Killed Grinder
  6256 | D:6      | Reached XP level 9. HP: 45/45 MP: 16/23
  6747 | D:6      | Reached skill level 1 in Fighting
  6812 | D:6      | Reached skill level 10 in Fire Magic
  7018 | D:6      | Found a staircase to the Ecumenical Temple.
  7216 | Temple   | Entered the Ecumenical Temple
  9222 | D:7      | Reached XP level 10. HP: 53/53 MP: 20/25
  9440 | D:8      | Found a sand-covered staircase.
  9444 | Ossuary  | Entered an ossuary
 10034 | D:8      | Reached skill level 10 in Spellcasting
 10102 | D:8      | Reached skill level 1 in Shields
 10895 | D:9      | Killed an unseen horror
 11227 | D:9      | Found a runed translucent door.
 11227 | D:9      | Noticed SkeletonJelly's ghost (novice DDFi)
 11228 | D:9      | Noticed a yaktaur captain
 11395 | D:9      | Found a sacrificial altar of Ru.
 11678 | D:9      | Found a stormy altar of Qazlal.
 11678 | D:9      | Noticed a two-headed ogre
 11681 | D:9      | Killed a two-headed ogre
 11757 | D:9      | Found a broken altar of Ashenzari.
 11759 | D:9      | Found a bloodstained altar of Trog.
 11765 | D:9      | Found an ancient bone altar of Kikubaaqudgha.
 11777 | D:9      | Found a radiant altar of Vehumet.
 11785 | D:9      | Became a worshipper of Vehumet
 12785 | D:10     | Entered Level 10 of the Dungeon
 13105 | D:10     | Reached skill level 5 in Dodging
 13196 | D:10     | Reached * piety under Vehumet
 13196 | D:10     | Offered knowledge of Shock by Vehumet.
 13197 | D:10     | Reached XP level 11. HP: 42/57 MP: 16/27
 13204 | D:10     | Learned a level 1 spell: Shock
 13325 | D:10     | Found a stormy altar of Qazlal.
 13448 | D:10     | Found a runed translucent gate.
 13448 | D:10     | Found a runed translucent gate.
 13449 | D:10     | Found a runed translucent gate.
 13451 | D:10     | Noticed p0werm0de's ghost (journeyman MiFi)
 13453 | D:10     | Identified the +4 short sword of Qazlal {distort, rF+ Will+
                  | Str-4 Int+2}
 13454 | D:10     | Found a roughly hewn altar of Beogh.
 13466 | D:10     | Identified the +1 chain mail of Dust Devil {rC+}
 13952 | D:11     | Noticed a two-headed ogre
 13956 | D:11     | Killed a two-headed ogre
 14272 | D:11     | Offered knowledge of Searing Ray by Vehumet.
 14363 | D:11     | Found a staircase to the Lair.
 14632 | D:11     | Reached ** piety under Vehumet
 14824 | D:11     | Noticed a two-headed ogre
 14827 | D:11     | Killed a two-headed ogre
 15010 | D:11     | Found Foutatai's Assorted Antiques.
 15034 | D:11     | Bought a scroll of fog for 58 gold pieces
 15034 | D:11     | Bought a scroll of identify for 58 gold pieces
 15034 | D:11     | Bought a scroll of identify for 58 gold pieces
 15034 | D:11     | Bought a fizzy golden potion for 26 gold pieces
 15058 | D:11     | Noticed a death knight
 15059 | D:11     | Noticed Harold
 15100 | D:11     | Killed a death knight
 15571 | D:11     | Killed Harold
 15571 | D:11     | Offered knowledge of Stone Arrow by Vehumet.
 15576 | D:11     | Learned a level 3 spell: Stone Arrow
 15753 | D:12     | Found Duce's Assorted Antiques.
 15758 | D:12     | Bought a metallic puce potion for 29 gold pieces
 15758 | D:12     | Bought a small bone amulet for 165 gold pieces
 15758 | D:12     | Bought a scroll of fear for 115 gold pieces
 15758 | D:12     | Bought a green potion for 29 gold pieces
 15861 | D:12     | Found a staircase to the Orcish Mines.
 15890 | D:12     | Noticed a white ugly thing
 15904 | D:12     | Noticed a cyan ugly thing
 15912 | D:12     | Killed a white ugly thing
 15930 | D:12     | Killed a cyan ugly thing
 16011 | D:12     | Reached XP level 12. HP: 62/62 MP: 6/29
 16145 | D:12     | Noticed a boulder beetle
 16167 | D:12     | Killed a boulder beetle
 16168 | D:12     | Reached skill level 10 in Conjurations
 16461 | D:12     | Reached *** piety under Vehumet
 17493 | D:13     | Offered knowledge of Fulminant Prism by Vehumet.
 17628 | D:13     | Noticed a boulder beetle
 17634 | D:13     | Killed a boulder beetle
 18019 | D:13     | Reached **** piety under Vehumet
 18372 | D:13     | Noticed a centaur warrior
 18374 | D:13     | Killed a centaur warrior
 18462 | D:13     | Offered knowledge of Ignite Poison by Vehumet.
 18480 | D:13     | Reached skill level 15 in Fire Magic
 19003 | D:14     | Found a runed translucent door.
 19003 | D:14     | Noticed a fire dragon
 19005 | D:14     | Noticed an ice dragon
 19007 | D:14     | Noticed a fire dragon
 19009 | D:14     | Noticed an ice dragon
 19033 | D:14     | Found the +2 shield of Resistance {rF++ rC++ Will++}
 19058 | D:14     | Noticed a centaur warrior
 19060 | D:14     | Killed a centaur warrior
 19068 | D:14     | Noticed a two-headed ogre
 19075 | D:14     | Killed a two-headed ogre
 19076 | D:14     | Reached XP level 13. HP: 66/66 MP: 8/32
 19198 | D:14     | Found a runed translucent door.
 19625 | D:5      | Bought an uncursed staff of conjuration for 300 gold pieces
 19625 | D:5      | Bought a potion of cancellation for 96 gold pieces
 19625 | D:5      | Bought an uncursed staff of cold for 300 gold pieces
 20084 | D:14     | Reached skill level 5 in Evocations
 20364 | D:14     | Reached ***** piety under Vehumet
 20716 | D:14     | Found a gate to the Vaults.
 20907 | D:15     | Entered Level 15 of the Dungeon
 20907 | D:15     | Noticed Kirke
 20912 | D:15     | Killed Kirke
 21081 | D:15     | Offered knowledge of Orb of Destruction by Vehumet.
 21101 | D:15     | Learned a level 7 spell: Orb of Destruction
 21567 | D:15     | Reached XP level 14. HP: 72/72 MP: 21/34
 21685 | D:15     | Found a white marble altar of Elyvilon.
 21876 | D:15     | Noticed Roxanne
 21941 | D:15     | Killed Roxanne
 22419 | D:15     | Found a staircase to the Depths.
 22932 | Orc:1    | Entered Level 1 of the Orcish Mines
 23402 | Orc:2    | Entered Level 2 of the Orcish Mines
 23406 | Orc:2    | Noticed Snorg
 23421 | Orc:2    | Killed Snorg
 23428 | Orc:2    | Reached skill level 15 in Spellcasting
 23548 | Orc:2    | Found a staircase to the Elven Halls.
 23936 | Orc:2    | Offered knowledge of Starburst by Vehumet.
 23986 | Orc:1    | Learned a level 6 spell: Starburst
 24168 | Orc:2    | Found Keeshets's General Store.
 24168 | Orc:2    | Found Ges Puon's Gadget Emporium.
 24169 | Orc:2    | Found Betasm's Book Boutique.
 24169 | Orc:2    | Found Cehiblun's Distillery.
 24236 | Orc:2    | Bought a book of Power for 765 gold pieces
 24244 | Orc:2    | Bought a potion of curing for 45 gold pieces
 24244 | Orc:2    | Bought a potion of curing for 45 gold pieces
 24244 | Orc:2    | Bought a potion of curing for 45 gold pieces
 24244 | Orc:2    | Bought a potion of curing for 45 gold pieces
 24244 | Orc:2    | Bought 2 potions of curing for 90 gold pieces
 24721 | Lair:1   | Entered Level 1 of the Lair of Beasts
 25294 | Lair:1   | Noticed Fannar
 25300 | Lair:1   | Killed Fannar
 27426 | Lair:3   | Reached XP level 15. HP: 76/76 MP: 25/36
 27711 | Lair:3   | Offered knowledge of Conjure Ball Lightning by Vehumet.
 27962 | Lair:3   | Learned a level 5 spell: Bolt of Magma
 27968 | Lair:3   | Learned a level 5 spell: Iskenderun's Battlesphere
 28612 | Lair:4   | Found a staircase to the Shoals.
 29112 | Lair:4   | Noticed Josephine
 29118 | Lair:4   | Killed Josephine
 29295 | Lair:4   | Found a hole to the Spider Nest.
 29620 | Lair:5   | Offered knowledge of Lightning Bolt by Vehumet.
 29941 | Lair:5   | Found a sparkling altar of Nemelex Xobeh.
 30063 | Lair:5   | Found a staircase to the Slime Pits.
 30064 | Lair:5   | Found a viscous altar of Jiyva.
 30086 | Lair:5   | Identified a scroll of acquirement
 30087 | Lair:5   | Acquired a +1 hat of willpower
 30555 | Lair:6   | Entered Level 6 of the Lair of Beasts
 31139 | Lair:6   | Acquired 1020 gold pieces
 32090 | Lair:6   | Reached XP level 16. HP: 84/84 MP: 36/38
 32201 | Lair:6   | Reached skill level 10 in Dodging
 32700 | Elf:1    | Entered Level 1 of the Elven Halls
 32736 | Elf:1    | Found a radiant altar of Vehumet.
 33287 | D:5      | Bought a manual of Conjurations for 1324 gold pieces
 33529 | Elf:1    | Noticed Jorgrun
 33546 | Elf:1    | Killed Jorgrun
 34139 | Elf:1    | Reached skill level 15 in Conjurations
 34293 | Elf:1    | Found a runed translucent gate.
 34293 | Elf:1    | Found a runed translucent gate.
 34293 | Elf:1    | Found a runed translucent gate.
 34293 | Elf:1    | Found a runed translucent gate.
 34293 | Elf:1    | Found a runed translucent gate.
 34295 | Elf:1    | Noticed a shadow dragon
 34295 | Elf:1    | Noticed a storm dragon
 34296 | Elf:1    | Found a runed translucent gate.
 34310 | Elf:1    | Acquired the +9 staff of Wucad Mu {channel}
 34311 | Elf:1    | Found the +9 staff of Wucad Mu {channel}
 34468 | Elf:1    | Found Vuteivob's Antique Armour Emporium.
 34489 | Elf:1    | Found Boallom's Gadget Emporium.
 34489 | Elf:1    | Found Gysaura's Magic Scroll Shoppe.
 34558 | Elf:1    | Found Gife's Distillery.
 34569 | Elf:1    | Bought a scroll of teleportation for 39 gold pieces
 34569 | Elf:1    | Bought a scroll of identify for 26 gold pieces
 34569 | Elf:1    | Bought a scroll of fog for 26 gold pieces
 34645 | Elf:1    | Bought a pair of shimmering boots for 294 gold pieces
 34647 | Elf:1    | Identified the +1 pair of boots of Cutyitt {Harm rF++
                  | Regen+ Str-4} (You bought it in a shop on level 1 of the
                  | Elven Halls)
 35276 | Elf:2    | Acquired the +2 kite shield of Noon {rF++ MP+9 Dex+2 SInv}
 35335 | Elf:2    | Got a warped falchion
 35388 | Elf:2    | Offered knowledge of Freezing Cloud by Vehumet.
 35418 | Elf:2    | Found a runed translucent gate.
 35418 | Elf:2    | Found a runed translucent gate.
 35419 | Elf:2    | Found a runed translucent gate.
 35454 | Elf:2    | Noticed an Ice Fiend
 35627 | Elf:2    | Found Dimm's Antique Weapon Shop.
 35630 | Elf:2    | Found Kiutoulips's Gadget Shop.
 35731 | Elf:2    | Found Taogaicw's Antique Weapon Emporium.
 35782 | Elf:2    | Found Qiduk's Antique Weapon Shop.
 35838 | Elf:2    | Found Ubaackud's Antique Armour Boutique.
 35839 | Elf:2    | Identified the cursed +3 falchion "Ridduleo" {drain,
                  | *Contam Str+4 SInv} (You found it on level 2 of the Elven
                  | Halls)
 35848 | Elf:2    | Noticed Azrael
 35857 | Elf:2    | Killed Azrael
 36112 | Elf:2    | Reached skill level 10 in Evocations
 36119 | Elf:2    | Noticed a deep elf blademaster
 36187 | Elf:2    | Killed a deep elf blademaster
 36188 | Elf:2    | Reached XP level 17. HP: 88/88 MP: 20/40
 36984 | Elf:3    | Entered Level 3 of the Elven Halls
 37049 | Elf:3    | Found a transporter.
 37070 | Elf:3    | Noticed a profane servitor
 37101 | Elf:3    | Found a one-way gate to the infinite horrors of the Abyss.
 37101 | Elf:3    | Noticed Vatovie's ghost (journeyman MiBe)
 37397 | Elf:3    | Found a transporter.
 38025 | Elf:3    | Noticed a tentacled monstrosity
 38060 | Elf:3    | Identified the cursed +1 rapier of Por Legoam {distort,
                  | +Inv rF- rC++ Dex-2}
 38060 | Elf:3    | Noticed a deep elf blademaster
 38298 | Elf:3    | Noticed a Tzitzimitl
 38299 | Elf:3    | Noticed a deep elf blademaster
 38304 | Elf:3    | Killed a deep elf blademaster
 38306 | Elf:3    | Identified the +10 quarterstaff "Xekhlamno" {freeze, Int+7}
 38582 | Elf:3    | Noticed a deep elf blademaster
 38586 | Elf:3    | Killed a deep elf blademaster
 38587 | Elf:3    | Noticed a deep elf blademaster
 38947 | Elf:3    | Killed a deep elf blademaster
 39035 | Elf:3    | Identified the +6 mace of the Revolution {flame, rN+ Int+2}
 39039 | Elf:3    | Noticed a deep elf blademaster
 39046 | Elf:3    | Killed a deep elf blademaster
 39065 | Elf:3    | Offered knowledge of Eringya's Noxious Bog by Vehumet.
 39340 | Elf:3    | Reached XP level 18. HP: 94/94 MP: 33/42
 39545 | Elf:3    | Identified the ring "Benuqeqe" {*Tele *Corrode rPois rF+
                  | rC+}
 40060 | Elf:3    | Identified the Reference Book on Attacks
 40118 | Elf:3    | Identified Celinleu's Reference Book on the Bewitching
                  | Blaze
 40141 | Elf:3    | Identified the cursed +0 spear "Ceum" {vamp, Int+3} (You
                  | found it on level 3 of the Elven Halls)
 40585 | D:9      | Killed SkeletonJelly's ghost
 40803 | D:14     | HP: 3/94 [ice dragon/blast of cold (27)]
 41411 | Spider:1 | Entered Level 1 of the Spider Nest
 42722 | Spider:2 | Reached ****** piety under Vehumet
 42879 | Spider:2 | Noticed Agnes
 42886 | Spider:2 | Killed Agnes
 42935 | Spider:2 | Offered knowledge of Ignition by Vehumet.
 42945 | Spider:2 | Learned a level 8 spell: Ignition
 43070 | Spider:2 | Found a runed translucent door.
 43071 | Spider:2 | Noticed FortyThree's ghost (adept VSBe)
 43084 | Spider:2 | Killed FortyThree's ghost
 43088 | Spider:2 | Identified Lomale's Reference Book on the Rocks
 44793 | Spider:3 | Found a transporter.
 44954 | Spider:3 | Reached skill level 5 in Shields
 44971 | Spider:3 | Found a transporter.
 44975 | Spider:3 | Got a smoking jade amulet
 45000 | Spider:3 | Got a fine robe
 45008 | Spider:3 | Identified the +0 robe "Cusurgha" {Regen+ Str+2 Int-5
                  | Dex+7} (You found it on level 3 of the Spider Nest)
 45009 | Spider:3 | Identified the amulet of the Present {Acrobat rF++ Stlth+}
                  | (You found it on level 3 of the Spider Nest)
 45010 | Spider:3 | Identified the cursed ring "Inidgh" {rElec Int+3 Dex-4}
                  | (You found it on level 3 of the Spider Nest)
 45014 | Spider:3 | Got a shimmering lead ring
 45038 | Spider:4 | Entered Level 4 of the Spider Nest
 45243 | Spider:4 | Got a sparkling jade amulet
 45851 | Spider:4 | Identified the amulet of Sif Muna's Grace {Reflect rN+
                  | Str+6 Dex-4 Slay+2 SH+5} (You found it on level 4 of the
                  | Spider Nest)
 45853 | Spider:4 | Offered knowledge of Fire Storm by Vehumet.
 45853 | Spider:4 | Offered knowledge of Tornado by Vehumet.
 45853 | Spider:4 | Offered knowledge of Absolute Zero by Vehumet.
 45870 | Spider:4 | Reached XP level 19. HP: 25/98 MP: 14/45
 46178 | Spider:4 | Learned a level 9 spell: Fire Storm
 46844 | Spider:4 | Identified the ring of Reheuciw {rC+ rN++ Will+ Str-5
                  | Stlth-} (You found it on level 3 of the Spider Nest)
 46855 | Spider:4 | Got a gossamer rune of Zot
 47085 | Shoals:1 | Entered Level 1 of the Shoals
 47494 | Shoals:1 | Found a transporter.
 47496 | Shoals:1 | Found a transporter.
 47702 | Shoals:1 | Got a brightly glowing pewter ring
 47713 | Shoals:1 | Identified the ring "Poawen" {Will+ SInv} (You found it on
                  | level 1 of the Shoals)
 47714 | Shoals:1 | Identified the ring of the Barracuda {*Tele *Contam +Fly
                  | rElec Int+5} (You found it on level 1 of the Shoals)
 48204 | Shoals:3 | Reached skill level 10 in Shields
 48302 | Shoals:3 | Found a frozen archway.
 48322 | IceCv    | Entered an ice cave
 48949 | Shoals:3 | Acquired 446 gold pieces
 48953 | Shoals:3 | Acquired an uncursed staff of fire
 48963 | Shoals:3 | Acquired 1075 gold pieces
 49038 | Shoals:4 | Entered Level 4 of the Shoals
 50237 | Shoals:4 | Got a barnacled rune of Zot
 50325 | Slime:1  | Entered Level 1 of the Pits of Slime
 50333 | Slime:1  | Reached XP level 20. HP: 94/103 MP: 45/46
 51511 | Slime:5  | Entered Level 5 of the Pits of Slime
 51531 | Slime:5  | Noticed the Royal Jelly
 51705 | Slime:5  | Reached skill level 15 in Shields
 52377 | Slime:5  | Found a viscous altar of Jiyva.
 52387 | Slime:5  | Killed the Royal Jelly
 52388 | Slime:5  | Reached XP level 21. HP: 108/108 MP: 39/47
 52596 | Slime:5  | Got a slimy rune of Zot
 52598 | Slime:5  | Identified the +6 mace "Sudouf" {holy, rF++ Dex+5} (You
                  | found it on level 5 of the Pits of Slime)
 52603 | Slime:5  | Identified the +8 trident of Susseim {vorpal, +Rage rElec
                  | Will+ Stlth+} (You found it on level 5 of the Pits of
                  | Slime)
 52629 | Slime:5  | Identified the +2 helmet of the Accordion {*Slow rC+ Dex+2}
                  | (You found it on level 5 of the Pits of Slime)
 53062 | Vaults:1 | Entered Level 1 of the Vaults
 53414 | Vaults:1 | Reached skill level 1 in Air Magic
 53457 | Vaults:3 | Found Jebakuq's Antique Weapon Shoppe.
 53468 | Vaults:3 | Identified the cursed +0 buckler of Yquo {+Blink rF++ Str+3
                  | Dex-4} (You found it on level 3 of the Vaults)
 54409 | Vaults:3 | Reached skill level 5 in Air Magic
 54609 | Vaults:3 | Found a staircase to the Crypt.
 54609 | Vaults:3 | Found a basalt altar of Yredelemnul.
 54609 | Vaults:3 | Found an ancient bone altar of Kikubaaqudgha.
 54616 | Crypt:1  | Entered Level 1 of the Crypt
 55454 | Crypt:2  | Found a basalt altar of Yredelemnul.
 55571 | Crypt:3  | Entered Level 3 of the Crypt
 55642 | Crypt:3  | Learned a level 9 spell: Tornado
 55708 | Crypt:3  | Reached XP level 22. HP: 112/112 MP: 7/49
 55972 | Crypt:2  | Reached skill level 10 in Air Magic
 56267 | Crypt:3  | Found the +12 Vampire's Tooth {vamp}
 56395 | Crypt:3  | Identified the ring "Xoyvas" {rC+ rN+}
 56572 | Crypt:3  | Noticed a curse toe
 56576 | Crypt:3  | Killed a curse toe
 56824 | Crypt:3  | Found a staircase to the Tomb.
 56962 | Crypt:3  | Found a basalt altar of Yredelemnul.
 56965 | Crypt:3  | Found an ancient bone altar of Kikubaaqudgha.
 56977 | Crypt:3  | Identified the ring of Raevohihe {rN+ Int+2} (You found it
                  | on level 3 of the Crypt)
 56978 | Crypt:3  | Identified the ring of Poemoh {+Inv rN+} (You found it on
                  | level 3 of the Crypt)
 57010 | Crypt:3  | Identified the ring of the Tempest {+Inv rC+ rN+ Stlth-}
                  | (You found it on level 3 of the Crypt)
 57011 | Crypt:3  | Identified the Volume of Mutagenic Cold
 58523 | Vaults:5 | Entered Level 5 of the Vaults
 58525 | Vaults:5 | Reached XP level 23. HP: 102/116 MP: 51/51
 58536 | Vaults:5 | Reached skill level 15 in Air Magic
 59946 | Vaults:5 | Identified the ring "Xopi" {Str+4 Int+6 SInv} (You took it
                  | off a deep elf high priest on level 5 of the Vaults)
 60042 | Vaults:5 | Learned a level 8 spell: Necromutation
 60053 | Vaults:5 | Learned a level 9 spell: Death's Door
 60340 | Vaults:5 | Identified the Guide on Snow
 60676 | Vaults:5 | Got a silver rune of Zot
 60718 | Vaults:5 | Identified the ring "Zieriax" {Str+3 Dex+6}
 60892 | Depths:1 | Entered Level 1 of the Depths
 60908 | Depths:1 | Reached XP level 24. HP: 124/124 MP: 51/51
 60929 | Depths:1 | Reached skill level 5 in Fighting
 61063 | Depths:1 | Found a gateway to Hell.
 61953 | Depths:2 | Found Ahaucwec's Magic Scroll Shop.
 61961 | Depths:2 | Bought a scroll of identify for 44 gold pieces
 61961 | Depths:2 | Bought a scroll of fear for 77 gold pieces
 61961 | Depths:2 | Bought a scroll of teleportation for 66 gold pieces
 61961 | Depths:2 | Bought a scroll of immolation for 77 gold pieces
 61961 | Depths:2 | Bought a scroll of amnesia for 77 gold pieces
 61961 | Depths:2 | Bought a scroll of magic mapping for 77 gold pieces
 62338 | Depths:3 | Noticed Margery
 62341 | Depths:3 | Killed Margery
 62684 | Depths:3 | Found a one-way gate leading to the halls of Pandemonium.
 62746 | Depths:3 | Found a one-way gate to the infinite horrors of the Abyss.
 62950 | Depths:4 | Found a transporter.
 62984 | Depths:4 | Found a gateway to a ziggurat.
 63056 | Depths:4 | Noticed Sojobo
 63059 | Depths:4 | Reached skill level 1 in Necromancy
 63061 | Depths:4 | Killed Sojobo
 63062 | Depths:4 | Reached skill level 1 in Transmutations
 63078 | Depths:4 | Identified the ring "Foma Cai" {+Inv rPois Str+6} (You
                  | found it on level 4 of the Depths)
 63121 | Depths:4 | Found an opulent altar of Gozag.
 63125 | Depths:4 | Reached XP level 25. HP: 131/131 MP: 16/51
 63234 | Depths:4 | Noticed a juggernaut
 63246 | Depths:4 | Killed a juggernaut
 63359 | Depths:4 | Identified the ring of Mykit {rC+ MP+9 Str+2} (You found it
                  | on level 4 of the Depths)
 63378 | Depths:4 | Reached skill level 5 in Necromancy
 63444 | Depths:4 | Noticed Saint Roka
 63447 | Depths:4 | Killed Saint Roka
 63451 | Depths:4 | Found a burning altar of Makhleb.
 63498 | Depths:4 | Identified the ring of Iriomatt {rC- rN+ Str+4 Int+3}
 63873 | Zig:1    | Entered Level 1 of a ziggurat
 63896 | Zig:2    | Entered Level 2 of a ziggurat
 63914 | Zig:3    | Entered Level 3 of a ziggurat
 63960 | Zig:4    | Entered Level 4 of a ziggurat
 63992 | Zig:5    | Entered Level 5 of a ziggurat
 64021 | Zig:5    | Reached skill level 5 in Transmutations
 64021 | Zig:5    | Reached XP level 26. HP: 100/127 MP: 52/52
 64024 | Zig:6    | Entered Level 6 of a ziggurat
 64043 | Zig:6    | Acquired the +18 shield of the Gong {rElec rN+ Will+ EV-5}
 64044 | Zig:6    | Found the +18 shield of the Gong {rElec rN+ Will+ EV-5}
 64065 | Zig:7    | Entered Level 7 of a ziggurat
 64087 | Zig:7    | Identified the Volume of the Congealing Volcanoes
 64091 | Zig:7    | Identified the amulet of the Foremost Wars {Acrobat Str+4}
                  | (You found it on level 7 of a ziggurat)
 64099 | Zig:8    | Entered Level 8 of a ziggurat
 64135 | Zig:9    | Entered Level 9 of a ziggurat
 64185 | Zig:9    | Noticed an ancient lich
 64189 | Zig:9    | Killed an ancient lich
 64190 | Zig:9    | Reached skill level 10 in Necromancy
 64212 | Zig:9    | Identified the ring of the Stag {+Blink rPois Will+ rCorr
                  | SInv} (You found it on level 9 of a ziggurat)
 64215 | Zig:9    | Identified the Grimoire of the Candlemaker
 64228 | Zig:10   | Entered Level 10 of a ziggurat
 64237 | Zig:10   | Noticed a royal mummy
 64238 | Zig:10   | Found the ring of the Mage {Wiz Will++ Int+3}
 64241 | Zig:10   | Noticed a royal mummy
 64244 | Zig:10   | Killed a royal mummy
 64244 | Zig:10   | Killed a royal mummy
 64249 | Zig:10   | Noticed a royal mummy
 64252 | Zig:10   | Killed a royal mummy
 64305 | Zig:11   | Entered Level 11 of a ziggurat
 64312 | Zig:11   | Killed a royal mummy
 64411 | Zig:11   | Identified the +10 eveningstar of Ipae {protect, rC+
                  | Stlth+} (You found it on level 11 of a ziggurat)
 64414 | Zig:11   | Identified Caojiucs's Reference Book on Calling and Air
 64432 | Zig:11   | Reached XP level 27. HP: 93/138 MP: 52/52
 64441 | Zig:11   | Identified the ring "Tef Edomi" {Wiz *Corrode rF+ Str+7}
                  | (You found it on level 11 of a ziggurat)
 64567 | Zig:12   | Entered Level 12 of a ziggurat
 64599 | Zig:12   | Identified the amulet of Fulel {rPois Will+ Regen+ MP-9
                  | Dex+3} (You found it on level 12 of a ziggurat)
 64607 | Zig:12   | Identified Pyrghyor's Almanac of the Mutagenic Oath
 64620 | Zig:13   | Entered Level 13 of a ziggurat
 64635 | Zig:13   | Reached skill level 1 in Armour
 64643 | Zig:13   | Found the +8 Wrath of Trog {antimagic, *Rage}
 64659 | Zig:13   | Identified the ring "Yqudd" {Dex+7 Stlth-} (You found it on
                  | level 13 of a ziggurat)
 64672 | Zig:14   | Entered Level 14 of a ziggurat
 64728 | Zig:14   | Identified Kuesorust's Volume of Virous Orientation
 64737 | Zig:14   | Identified the ring of Ibytae {Ice *Contam Str+3 Int+4
                  | Dex+5} (You found it on level 14 of a ziggurat)
 64756 | Zig:15   | Entered Level 15 of a ziggurat
 64800 | Zig:15   | Identified the amulet "Miogar" {RegenMP Dex+4} (You found
                  | it on level 15 of a ziggurat)
 64838 | Zig:16   | Entered Level 16 of a ziggurat
 64872 | Zig:16   | Identified the ring "Puloj" {MP+9 Int+2} (You found it on
                  | level 16 of a ziggurat)
 64879 | Zig:16   | Identified the Disquisition on the Voyage
 64890 | Zig:16   | Identified Sif Muna's Disquisition on Transformation and
                  | Summoning
 64920 | Zig:17   | Entered Level 17 of a ziggurat
 64943 | Zig:17   | Reached skill level 10 in Transmutations
 64970 | Zig:17   | Identified the ring of the Spinneret {Wiz rPois Dex+3} (You
                  | found it on level 17 of a ziggurat)
 64986 | Zig:18   | Entered Level 18 of a ziggurat
 64998 | Zig:18   | Noticed a juggernaut
 65000 | Zig:18   | Noticed a juggernaut
 65001 | Zig:18   | Killed a juggernaut
 65002 | Zig:18   | Reached skill level 15 in Necromancy
 65002 | Zig:18   | Killed a juggernaut
 65004 | Zig:18   | Noticed a juggernaut
 65005 | Zig:18   | Killed a juggernaut
 65006 | Zig:18   | Noticed a juggernaut
 65006 | Zig:18   | Noticed a juggernaut
 65006 | Zig:18   | Noticed a juggernaut
 65006 | Zig:18   | Noticed a juggernaut
 65008 | Zig:18   | Killed a juggernaut
 65009 | Zig:18   | Killed a juggernaut
 65010 | Zig:18   | Killed a juggernaut
 65010 | Zig:18   | Killed a juggernaut
 65071 | Zig:19   | Entered Level 19 of a ziggurat
 65083 | Zig:19   | Noticed a royal mummy
 65083 | Zig:19   | Noticed a royal mummy
 65085 | Zig:19   | Killed a royal mummy
 65085 | Zig:19   | Killed a royal mummy
 65087 | Zig:19   | Noticed a royal mummy
 65088 | Zig:19   | Noticed a royal mummy
 65090 | Zig:19   | Killed a royal mummy
 65091 | Zig:19   | Noticed a royal mummy
 65092 | Zig:19   | Killed a royal mummy
 65094 | Zig:19   | Killed a royal mummy
 65094 | Zig:19   | Noticed a royal mummy
 65095 | Zig:19   | Noticed a royal mummy
 65096 | Zig:19   | Killed a royal mummy
 65098 | Zig:19   | Killed a royal mummy
 65100 | Zig:19   | Noticed a royal mummy
 65102 | Zig:19   | Killed a royal mummy
 65134 | Zig:19   | Identified the Incunabulum of Poisoning
 65139 | Zig:19   | Identified the amulet of Xom's Capriciousness {Inacc rElec
                  | rF+ rC+} (You found it on level 19 of a ziggurat)
 65151 | Zig:20   | Entered Level 20 of a ziggurat
 65214 | Zig:20   | Learned a level 9 spell: Absolute Zero
 65252 | Zig:21   | Entered Level 21 of a ziggurat
 65280 | Zig:21   | Reached skill level 5 in Stealth
 65295 | Zig:21   | Found the +3 hat of Pondering {ponderous, Will+ MP+10
                  | Int+5}
 65341 | Zig:21   | Identified Olestr Jaij's Catalogue of Floating Venom
 65346 | Zig:21   | Identified the +2 pair of boots of Makhleb's Fury {rPois
                  | Will+} (You found it on level 21 of a ziggurat)
 65385 | Zig:22   | Entered Level 22 of a ziggurat
 65409 | Zig:22   | Reached skill level 10 in Stealth
 65604 | Zig:22   | Reached skill level 27 in Spellcasting
 65606 | Zig:22   | Identified Sif Muna's Almanac of Ice
 65610 | Zig:22   | Got a scintillating iron ring
 65611 | Zig:22   | Identified the ring "Caipuc" {rF+ Str+6 Int+2 Dex+3} (You
                  | found it on level 22 of a ziggurat)
 65625 | Zig:22   | Identified the Catalogue of Shifting Intoxication
 65864 | Zig:23   | Entered Level 23 of a ziggurat
 65915 | Zig:23   | Noticed Wuub the pandemonium lord
 65924 | Zig:23   | Killed Wuub the pandemonium lord
 66394 | Zig:24   | Entered Level 24 of a ziggurat
 66469 | Zig:24   | Identified the ring "Xampavvokho" {Fire rN+} (You found it
                  | on level 24 of a ziggurat)
 66508 | Zig:24   | Identified the +0 helmet of the Moon {-Tele rN+ Dex+3} (You
                  | found it on level 24 of a ziggurat)
 66513 | Zig:24   | Identified the +1 leather armour "Akuuzo" {+Fly rF+ Str+2}
                  | (You found it on level 24 of a ziggurat)
 66516 | Zig:25   | Entered Level 25 of a ziggurat
 66558 | Zig:25   | Reached skill level 27 in Fire Magic
 66679 | Zig:25   | Found the +9 scales of the Dragon King {rPois rF+ rC+
                  | Will+}
 66681 | Zig:25   | Found the +8 storm bow {elec, penet}
 66692 | Zig:25   | Identified the ring "Raaliexu" {Ice MP+9 Slay+5} (You found
                  | it on level 25 of a ziggurat)
 66702 | Zig:25   | Identified the +1 pair of gloves "Unkesat" {+Inv rN+ rCorr
                  | Str-4} (You found it on level 25 of a ziggurat)
 66895 | Zig:26   | Entered Level 26 of a ziggurat
 66992 | Zig:26   | Identified the Tome of Heat and Air
 66994 | Zig:26   | Identified the Papyrus of Icy Flight
 67001 | Zig:26   | Identified the +0 helmet of Nihilism {+Inv Str+2} (You
                  | found it on level 26 of a ziggurat)
 67005 | Zig:27   | Entered Level 27 of a ziggurat
 67029 | Zig:27   | Killed an ancient lich
 67049 | Zig:27   | Noticed an ancient lich
 67052 | Zig:27   | Reached skill level 15 in Evocations
 67052 | Zig:27   | Killed an ancient lich
 67147 | Zig:1    | Entered Level 1 of a ziggurat
 67160 | Zig:1    | Learned a level 9 spell: Shatter
 67171 | Zig:2    | Entered Level 2 of a ziggurat
 67198 | Zig:3    | Entered Level 3 of a ziggurat
 67198 | Zig:3    | Noticed a royal mummy
 67202 | Zig:3    | Killed a royal mummy
 67203 | Zig:3    | Reached skill level 1 in Ice Magic
 67222 | Zig:4    | Entered Level 4 of a ziggurat
 67224 | Zig:4    | Reached skill level 1 in Earth Magic
 67248 | Zig:5    | Entered Level 5 of a ziggurat
 67250 | Zig:5    | Noticed a juggernaut
 67251 | Zig:5    | Noticed a juggernaut
 67252 | Zig:5    | Noticed a juggernaut
 67253 | Zig:5    | Killed a juggernaut
 67253 | Zig:5    | Killed a juggernaut
 67254 | Zig:5    | Killed a juggernaut
 67255 | Zig:5    | Reached skill level 5 in Earth Magic
 67271 | Zig:5    | Got a smoking pewter ring
 67335 | Zig:6    | Entered Level 6 of a ziggurat
 67337 | Zig:6    | Noticed an orb of fire
 67337 | Zig:6    | Noticed an orb of fire
 67339 | Zig:6    | Noticed an orb of fire
 67342 | Zig:6    | Killed an orb of fire
 67343 | Zig:6    | Killed an orb of fire
 67344 | Zig:6    | Killed an orb of fire
 67355 | Zig:6    | Identified the Incunabulum of the Voyage and Contamination
 67405 | Zig:7    | Entered Level 7 of a ziggurat
 67413 | Zig:7    | Found the +6 lightning scales {run, rElec}
 67434 | Zig:8    | Entered Level 8 of a ziggurat
 67445 | Zig:8    | Reached skill level 10 in Earth Magic
 67463 | Zig:8    | Acquired 550 gold pieces
 67476 | Zig:9    | Entered Level 9 of a ziggurat
 67483 | Zig:9    | Noticed a royal mummy
 67483 | Zig:9    | Noticed a royal mummy
 67485 | Zig:9    | Noticed a royal mummy
 67486 | Zig:9    | Killed a royal mummy
 67488 | Zig:9    | Killed a royal mummy
 67488 | Zig:9    | Killed a royal mummy
 67488 | Zig:9    | Noticed a royal mummy
 67489 | Zig:9    | Noticed a royal mummy
 67494 | Zig:9    | Killed a royal mummy
 67495 | Zig:9    | Killed a royal mummy
 67706 | Zig:10   | Entered Level 10 of a ziggurat
 67760 | Zig:10   | Learned a level 2 spell: Sublimation of Blood
 67763 | Zig:10   | Learned a level 2 spell: Blink
 67764 | Zig:11   | Entered Level 11 of a ziggurat
 67769 | Zig:11   | Noticed Dunem the pandemonium lord
 67771 | Zig:11   | Killed Dunem the pandemonium lord
 67774 | Zig:11   | Noticed Zoner the pandemonium lord
 67777 | Zig:11   | Killed Zoner the pandemonium lord
 67808 | Zig:11   | Identified the Catalogue of Moulding and Conjuration
 67822 | Zig:12   | Entered Level 12 of a ziggurat
 67834 | Zig:12   | Reached skill level 27 in Conjurations
 67861 | Zig:12   | Identified Theurgy, Part One
 67863 | Zig:12   | Identified the Guide on the Escort
 67877 | Zig:13   | Entered Level 13 of a ziggurat
 67878 | Zig:13   | Acquired 577 gold pieces
 67879 | Zig:13   | Acquired 569 gold pieces
 67919 | Zig:13   | Identified the Incunabulum of Attacks
 67931 | Zig:13   | Identified the Disquisition on the Rocks and Ice
 67946 | Zig:14   | Entered Level 14 of a ziggurat
 67961 | Zig:14   | Reached skill level 15 in Earth Magic
 68010 | Zig:14   | Identified the ring "Fimicueg" {rN++ EV+4} (You found it on
                  | level 5 of a ziggurat)
 68011 | Zig:14   | Identified the amulet "Xyicvop" {Spirit rF+ Int-2 Dex+3
                  | Slay+3} (You found it on level 14 of a ziggurat)
 68016 | Zig:14   | Identified Sif Muna's Almanac of Ensnaring Confrontation
 68053 | Zig:15   | Entered Level 15 of a ziggurat
 68068 | Zig:15   | Reached skill level 5 in Ice Magic
 68087 | Zig:15   | Found the +6 Majin-Bo {vamp, MP+6 Int+6}
 68122 | Zig:16   | Entered Level 16 of a ziggurat
 68173 | Zig:16   | Got a flickering jade ring
 68185 | Zig:16   | Identified the ring "Inwiageori" {Dex+3 Stlth+} (You found
                  | it on level 16 of a ziggurat)
 68192 | Zig:16   | Got a flickering bronze amulet
 68206 | Zig:16   | Identified the amulet of Baec {Faith rElec Will+ Dex+3}
                  | (You found it on level 16 of a ziggurat)
 68229 | Zig:17   | Entered Level 17 of a ziggurat
 68315 | Zig:17   | Found the +10 morningstar "Eos" {elec, Halo rElec}
 68330 | Zig:17   | Identified the ring of Fedhas's Generosity {Fire rN+ Str+6}
                  | (You found it on level 17 of a ziggurat)
 68334 | Zig:17   | Identified the amulet "Ucyil" {RegenMP rC+ SInv} (You found
                  | it on level 17 of a ziggurat)
 68369 | Zig:17   | Identified the ring "Ilippo" {rF++ Will+} (You found it on
                  | level 17 of a ziggurat)
 68511 | Zig:18   | Entered Level 18 of a ziggurat
 68529 | Zig:18   | Reached skill level 10 in Ice Magic
 68532 | Zig:18   | Noticed an ancient lich
 68534 | Zig:18   | Killed an ancient lich
 68535 | Zig:18   | Noticed an ancient lich
 68539 | Zig:18   | Killed an ancient lich
 68539 | Zig:18   | Noticed an ancient lich
 68543 | Zig:18   | Killed an ancient lich
 68562 | Zig:18   | Identified the ring of Genikh {Wiz *Corrode rPois Dex+7
                  | Slay+5} (You found it on level 18 of a ziggurat)
 68569 | Zig:18   | Identified Cigotuvi's Guide on Unstable Stolen Souls
 68622 | Zig:19   | Entered Level 19 of a ziggurat
 68632 | Zig:19   | Reached skill level 15 in Ice Magic
 68659 | Zig:19   | Noticed Irasau the pandemonium lord
 68660 | Zig:19   | Killed Irasau the pandemonium lord
 69152 | Zig:19   | Got a smoking amber ring
 69156 | Zig:19   | Identified the ring of Buqoiron {rF++ SInv Stlth+} (You
                  | found it on level 19 of a ziggurat)
 69160 | Zig:19   | Identified the Collected Works on Congealing Transmigration
 69169 | Zig:20   | Entered Level 20 of a ziggurat
 69180 | Zig:20   | Noticed a royal mummy
 69182 | Zig:20   | Noticed a royal mummy
 69185 | Zig:20   | Noticed a royal mummy
 69186 | Zig:20   | Noticed a royal mummy
 69187 | Zig:20   | Noticed a royal mummy
 69188 | Zig:20   | Killed a royal mummy
 69188 | Zig:20   | Killed a royal mummy
 69188 | Zig:20   | Noticed a royal mummy
 69188 | Zig:20   | Noticed a royal mummy
 69188 | Zig:20   | Noticed a royal mummy
 69189 | Zig:20   | Noticed a royal mummy
 69190 | Zig:20   | Killed a royal mummy
 69190 | Zig:20   | Killed a royal mummy
 69190 | Zig:20   | Noticed a royal mummy
 69191 | Zig:20   | Killed a royal mummy
 69191 | Zig:20   | Killed a royal mummy
 69191 | Zig:20   | Killed a royal mummy
 69191 | Zig:20   | Killed a royal mummy
 69193 | Zig:20   | Killed a royal mummy
 69193 | Zig:20   | Killed a royal mummy
 69193 | Zig:20   | Noticed a royal mummy
 69193 | Zig:20   | Noticed a royal mummy
 69195 | Zig:20   | Noticed a royal mummy
 69196 | Zig:20   | Killed a royal mummy
 69196 | Zig:20   | Noticed a royal mummy
 69197 | Zig:20   | Killed a royal mummy
 69200 | Zig:20   | Killed a royal mummy
 69200 | Zig:20   | Killed a royal mummy
 69201 | Zig:20   | Reached skill level 5 in Armour
 69384 | Zig:21   | Entered Level 21 of a ziggurat
 69407 | Zig:21   | Reached skill level 15 in Dodging
 69412 | Zig:21   | Reached skill level 10 in Fighting
 69839 | Zig:21   | Found the +6 shillelagh "Devastator" {shatter}
 69839 | Zig:21   | Found the +9 sword of Zonguldrok {reap}
 69849 | Zig:21   | Identified the cursed +0 robe of the Moon {rC+ Int+3} (You
                  | found it on level 21 of a ziggurat)
 69855 | Zig:21   | Identified the Collected Works on Nocuous Summoning
 69867 | Zig:21   | Identified the ring "Ymirghol" {*Corrode rElec Str+8 Dex+6
                  | Slay+2} (You found it on level 21 of a ziggurat)
 69882 | Zig:21   | Identified the ring "Aleick" {Will- Str+5 Stlth+} (You
                  | found it on level 21 of a ziggurat)
 69887 | Zig:22   | Entered Level 22 of a ziggurat
 69906 | Zig:22   | Noticed Ewonudor the pandemonium lord
 69909 | Zig:22   | Killed Ewonudor the pandemonium lord
 69920 | Zig:22   | Found the ring of Shadows {Umbra +Inv Stlth+}
 69924 | Zig:22   | Found the ring of the Hare {EV+8}
 69927 | Zig:22   | Identified the Disquisition on Flying Confrontation
 69930 | Zig:22   | Splashed by an oklob plant's acid

Illustrated notes

Levels and vault maps discovered:
D:1:      dpeg_cavernosity, layout_basic, minmay_hexomino_u4
D:2:      layout_loops_ring, uniq_robin, uniq_natasha
D:3:      layout_basic
D:4:      layout_loops_ring, lemuel_old_faithful, uniq_duvessa, uniq_eustachio,
          uniq_sigmund
D:5:      layout_cave_pods, nicolae_alphabet_shops
D:6:      minmay_polygon_palace, layout_basic, temple_statues, minmay_between,
          uniq_grinder
D:7:      layout_basic
D:8:      minmay_ornate_pinched, layout_gridville, enter_ossuary_5
D:9:      layout_loops_ring, minmay_overflow_temple_star_hex,
          nicolae_ru_the_path_less_chosen, ebering_ghost_inner_flame,
          kennysheep_kite_vault
D:10:     layout_basic, biasface_ghost_orc_armoury,
          nicolae_qazlal_eye_of_the_storm
D:11:     layout_roguey, erik_lair_dragon, serial_shops, shop, uniq_harold
D:12:     layout_basic, orc_0_dummy, serial_shops,
          nicolae_shop_overgrown_old_shop, amethyst_killhole,
          minmay_starry_boxes
D:13:     layout_stronghold
D:14:     layout_irregular_city, david_vaults_4,
          minmay_guarded_unrand_resistance
D:15:     grunt_enter_depths_magical_seal, layout_cave_pods, elyvilon_altar_4,
          uniq_kirke, uniq_roxanne
Temple:   eino_temple_rhombus
Lair:1:   dragon1_lemuel, layout_chaotic_city, grunt_megastairs_3, uniq_fannar
Lair:2:   layout_cave_pods, serial_bayou_shore_a, infiniplex_staircase_pool,
          grunt_megastairs_4
Lair:3:   layout_loops_ring, minivault_11, serial_bayou_shore_b,
          grunt_megastairs_2
Lair:4:   layout_small_grid, shoals_dummy_entry,
          nicolae_spider_entry_orb_guardian, lemuel_fruit_tree, uniq_josephine
Lair:5:   layout_misc_corridors, slime_altar_1, basic_altar
Lair:6:   evilmike_catoblepas_cave, layout_cave_pods, serial_bayou_shore_b
Shoals:1: gammafunk_sealed_arena, layout_shoals, yaktaur_hedge
Shoals:2: layout_shoals
Shoals:3: layout_shoals, portal_ice_cave_entry_pillars_three
Shoals:4: shoals_end_hangedman, layout_shoals, nzn_prometheus_bound
Spider:1: layout_spider_delve
Spider:2: layout_chambers, gammafunk_ghost_grave, uniq_agnes
Spider:3: gammafunk_its_a_trap
Spider:4: grunt_spider_rune_parallel, nicolae_spider_stair_cavern
Slime:1:  layout_caves
Slime:2:  layout_caves
Slime:3:  layout_caves
Slime:4:  nicolae_slime_pool, layout_caves
Slime:5
Orc:1:    layout_caves
Orc:2:    st_orc_elflike, layout_caves, uniq_snorg
Elf:1:    eino_elf_arrival_altar, layout_loops_ring, orc_legates,
          minmay_shoptagon, uniq_jorgrun
Elf:2:    layout_geoelf_octagon, serial_shops, nicolae_shop_waterfront, shop,
          shop, shop, nicolae_shop_crystal, grunt_ministairs_11, uniq_azrael
Elf:3:    minmay_elf_hall_four_x, layout_geoelf_castle,
          gammafunk_ghost_abyssal_escape
Vaults:1: v_rooms_6, v_misc_23, vaults_mumra_hex,
          nicolae_vaults_mini_display_case, nicolae_vaults_border_crossing,
          nicolae_vaults_little_squares_3, layout_vaults_omnigrid
Vaults:2: hangedman_vaults_cutoff, vaults_room_pool, serial_ice_b,
          ontoclasm_vaults_misaligned, vaults_room_octagon,
          hangedman_vaults_hat, vaults_mumra_minichess, v_alt_pattern_1,
          vaults_room_guarded_vault, vaults_standard_mumra_enter_the_diamond,
          hangedman_vaults_restitches, hangedman_vaults_trim,
          hangedman_vaults_stretched_pinwheel, ontoclasm_vaults_loading_screen,
          layout_vaults_big_cross
Vaults:3: v_misc_30, vaults_dpeg_spiral, ontoclasm_vaults_claustrophobia,
          hangedman_vaults_river_flow, v_pattern_4,
          nicolae_vaults_ninety_degrees, minmay_crypt_entry_necro_gods,
          v_misc_15, v_alt_pattern_5, nicolae_vaults_yaktaur_gun_rack,
          vaults_room_stairs_pillars, layout_vaults_maze_snakey, serial_shops,
          nicolae_shop_waterfront
Vaults:4: vaults_room_pools, v_alt_pattern_6, st_eye,
          nicolae_vaults_back_hallway, v_misc_10, vaults_room_fours,
          vaults_room_pool, ontoclasm_vaults_fault, vaults_mumra_lcd, v_rooms_4,
          ontoclasm_vaults_decontamination, ontoclasm_vaults_shuriken,
          layout_vaults_ring
Vaults:5
Crypt:1:  layout_catacombs
Crypt:2:  layout_gridlike, basic_altar, st_stairs_11
Crypt:3:  lightli_unholy_cathedral, layout_chaotic_city,
          amcnicky_mini_rare_corridor_liquid,
          minmay_guarded_unrand_vampires_tooth
Depths:1: layout_cave_pools, hell_entry, grunt_decor_resistance, wad_mini_maze
Depths:2: nzn_winding_woodlands_medium [nzn_winding_woodlands_5x5_open_star,
          nzn_winding_woodlands_5x15_default,
          nzn_winding_woodlands_5x5_closed_star,
          nzn_winding_woodlands_5x5_default,
          nzn_winding_woodlands_center_diamonds,
          nzn_winding_woodlands_5x5_default,
          nzn_winding_woodlands_5x5_perimeter,
          nzn_winding_woodlands_5x15_parted, nzn_winding_woodlands_5x5_three],
          layout_gridlike, grunt_hell_entry_dis_grunt, serial_co_window_serial,
          co_window_cross_1, co_window_of_opportunity_a, co_window_paths_a,
          co_window_corner_a, co_window_paths_b, co_window_paths_c,
          co_window_unsneaky_path_a, glass_columns_c, glass_columns_c,
          glass_columns_c, glass_columns_b, glass_columns_a, serial_shops,
          nicolae_shop_temple_entry_statues_fountains
Depths:3: minmay_chopped_fan, layout_cave_shapes, abyss_entry_crystal,
          hell_entry, chequers_serial_rivers_micro_a, serial_rivers,
          chequers_serial_rivers_micro_c, chequers_serial_rivers_large_b,
          chequers_serial_rivers_micro_e, chequers_serial_rivers_micro_b,
          chequers_serial_rivers_small_a, rand_demon_pan_entry_1, uniq_margery
Depths:4: hangedman_spin_cycle, abyss_entry, hell_entry
Zig:22:   ziggurat_pillar_abc, ziggurat_pillar_abc, ziggurat_pillar_abc,
          ziggurat_pillar_abc, ziggurat_pillar_centre_oklobs,
          ziggurat_pillar_centre_oklobs, ziggurat_pillar_centre_oklobs,
          ziggurat_pillar_centre_oklobs

Skill      XL: |  1  2  3  4  5  6  7  8  9 10 11 12 13 14 15 16 17 18 19 20 21 22 23 24 25 26 27 |
---------------+----------------------------------------------------------------------------------+-----
Fire Magic     | 4 5 6 8 9 11 13 15 16 18 20 21 22 23 24 27 | 27.0
Conjurations   | 2 3 5 6 7 8 9 11 12 13 14 15 17 19 20 21 27 | 27.0
Spellcasting   | 4 5 6 8 9 10 11 13 14 15 16 17 18 20 21 22 23 27 | 27.0
Dodging        | 3 4 5 6 8 9 10 12 16 | 16.1
Stealth        | 3 4 10 | 10.0
Fighting       | 2 4 6 12 | 12.0
Shields        | 4 7 12 15 | 15.0
Evocations     | 2 4 6 8 10 12 13 14 18 | 18.5
Air Magic      | 8 14 16 17 18 20 | 20.0
Necromancy     | 3 8 12 24 | 24.0
Transmutations | 2 5 8 13 | 13.0
Armour         | 6 |  6.0
Ice Magic      | 20 | 20.0
Earth Magic    | 20 | 20.2

Action                   |  1- 3 |  4- 6 |  7- 9 | 10-12 | 13-15 | 16-18 | 19-21 | 22-24 | 25-27 || total
-------------------------+-------+-------+-------+-------+-------+-------+-------+-------+-------++-------
Melee: Short sword       |    16 |    10 |       |       |       |       |       |       |       ||    26
       Falchion          |       |     1 |     7 |     5 |       |       |       |       |       ||    13
       Staff             |       |       |       |       |     6 |     2 |     5 |     5 |       ||    18
 Cast: Foxfire           |    73 |   164 |   394 |   519 |   182 |    16 |    22 |     3 |       ||  1373
       Sticky Flame      |       |       |    13 |    29 |    24 |     6 |     8 |       |       ||    80
       Fireball          |       |       |     6 |   115 |   319 |   305 |   102 |     4 |       ||   851
       Shock             |       |       |       |    25 |     1 |     5 |       |       |       ||    31
       Conjure Flame     |       |       |       |     2 |       |       |       |     1 |       ||     3
       Orb of Destructio |       |       |       |       |    38 |   147 |    40 |     8 |     6 ||   239
       Stone Arrow       |       |       |       |       |    11 |       |       |       |       ||    11
       Starburst         |       |       |       |       |     4 |    18 |    26 |    20 |    13 ||    81
       Iskenderun's Batt |       |       |       |       |     3 |    13 |       |       |       ||    16
       Bolt of Magma     |       |       |       |       |     1 |    16 |     8 |    10 |     1 ||    36
       Ignition          |       |       |       |       |       |     4 |    13 |    12 |    30 ||    59
       Fire Storm        |       |       |       |       |       |       |   270 |   321 |   587 ||  1178
       Tornado           |       |       |       |       |       |       |       |     4 |    14 ||    18
       Shatter           |       |       |       |       |       |       |       |       |    43 ||    43
       Necromutation     |       |       |       |       |       |       |       |       |     6 ||     6
       Death's Door      |       |       |       |       |       |       |       |       |     4 ||     4
 Abil: Evoke Invisibilit |       |       |       |       |       |       |       |     3 |       ||     3
       End Transformatio |       |       |       |       |       |       |       |       |     6 ||     6
Evoke: Wand              |       |       |       |     1 |     1 |     2 |     4 |       |       ||     8
       Figurine of a zig |       |       |       |       |       |       |       |       |     1 ||     1
  Use: Scroll            |       |       |     9 |    19 |    10 |    25 |    17 |    20 |    45 ||   145
       Potion            |       |       |       |       |     2 |     8 |     1 |     1 |    24 ||    36
 Stab: Distracted        |     2 |       |       |       |       |       |       |       |       ||     2
       Sleeping          |     2 |     1 |     1 |       |       |       |       |       |       ||     4
Armor: Robe              |    12 |     6 |     8 |    18 |    17 |    14 |    19 |    15 |    16 ||   125
Dodge: Dodged            |    19 |    18 |    42 |    92 |    59 |    65 |    75 |    49 |   116 ||   535
Block: Buckler           |       |       |       |    60 |    56 |    53 |    73 |       |       ||   242
       Reflection        |       |       |       |     9 |     5 |     8 |    21 |       |       ||    43
       Kite shield       |       |       |       |       |       |       |    30 |    37 |    73 ||   140
       Rpst.: Falchion   |       |     2 |    10 |    13 |     1 |       |       |       |       ||    26
